 Dungeon Crawl Stone Soup version 0.30-a0-900-g23479c02f2 (webtiles) character file.

Game seed: 4083743648927043440

482 timneilson the Covered (level 7, -1/43 HPs)
             Began as a Gargoyle Fighter on Mar 18, 2023.
             Slain by an acid dragon (4 damage)
             ... on level 5 of the Dungeon.
             The game lasted 00:07:04 (4233 turns).

timneilson the Covered (Gargoyle Fighter)           Turns: 4233, Time: 00:07:04

Health: -1/43      AC:  9    Str: 26    XL:     7   Next: 12%
Magic:  7/7        EV:  8    Int:  8    God:
Gold:   81         SH: 10    Dex: 11    Spells: 6/6 levels left

rFire   . . .      SeeInvis +    a - +0 long sword
rCold   . . .      Faith    .    c - +0 buckler
rNeg    + . .      Spirit   .    n - +0 chain mail
rPois   ∞          Reflect  +    f - +0 helmet {SInv}
rElec   +          Rampage  .    (no cloak)
rCorr   .                        i - +0 pair of gloves
Will    +....                    (no boots) Stlth
                                 e - amulet of reflection
HPRegen 0.27/turn                g - ring of willpower
MPRegen 0.10/turn                m - +6 ring of strength

@: corroded
A: sickness immunity, AC +4, negative energy resistance 1, electricity
resistance, torment resistance 1, petrification resistance
a: no special abilities


You were on level 5 of the Dungeon.
You visited 1 branch of the dungeon, and saw 5 of its levels.

You collected 246 gold pieces.
You spent 165 gold pieces at shops.

Inventory:

Hand Weapons
 a - a +0 long sword (weapon)
Missiles
 k - 2 throwing nets (quivered)
Armour
 c - a +0 buckler (worn)
 f - a +0 helmet of see invisible (worn)
 i - a +0 pair of gloves (worn)
 n - a +0 chain mail (worn)
Jewellery
 e - an amulet of reflection (around neck)
 g - a ring of willpower (left hand)
 m - a +6 ring of strength (right hand)
Scrolls
 o - a scroll of poison
 q - a scroll of fear
 r - a scroll of fog {unknown}
Potions
 b - a potion of ambrosia {unknown}
 d - a potion of flight {unknown}
 h - 2 potions of resistance
 j - a potion of attraction {unknown}
 l - a potion of brilliance
 p - a potion of lignification


   Skills:
 + Level 4.2 Fighting
 * Level 3.8 Long Blades
 * Level 5.1 Armour
 + Level 1.6 Dodging
 * Level 5.0 Shields


You had 6 spell levels left.
You didn't know any spells.
Your spell library contained the following spells:

 Spells                   Type           Power      Damage    Failure   Level
 Kiss of Death            Conj/Necr      0%         2d5       97%         1
 Sandblast                Erth           0%         2d4       97%         1
 Shock                    Conj/Air       0%         1d3       97%         1
 Passwall                 Tmut/Erth      0%         N/A       99%         2
 Confusing Touch          Hex            0%         N/A       100%        3
 Stone Arrow              Conj/Erth      0%         3d7       100%        3
 Summon Guardian Golem    Hex/Summ       0%         N/A       100%        3
 Swiftness                Air            0%         N/A       100%        3
 Airstrike                Air            0%         2d(0-16)  100%        4
 Dispel Undead            Necr           0%         3d6       100%        4
 Orb of Destruction       Conj           0%         9d5       100%        7
 Spellforged Servitor     Conj/Summ      0%         N/A       100%        7


Dungeon Overview and Level Annotations

Branches:
Dungeon (5/15)
 Temple: D:4-7

Altars:
Dithmenos

Shops:
D:1 [

Annotations:
D:3 2 transporters


Innate Abilities, Weirdness & Mutations

You are immune to sickness and miasma.
Your stone body is resilient. (AC +4)
You are immune to poison.
You resist negative energy. (rN+)
You are resistant to electric shocks. (rElec)
You are resistant to unholy torment.
You are immune to petrification.


Message History

You hit the acid dragon but do no damage.
The acid dragon is lightly wounded.
The acid dragon spits acid at you. The splash of acid hits you.
The acid corrodes you!
You hit the acid dragon but do no damage.
The acid dragon is lightly wounded.
The acid dragon closely misses you.
The acid dragon claws you but does no damage.
You closely miss the acid dragon.
The acid dragon is lightly wounded.
You block the acid dragon's attack. The acid dragon barely misses you.
You hit the acid dragon but do no damage.
The acid dragon is lightly wounded.
The acid dragon bites you. You block the acid dragon's attack.
The orc wizard gestures at you while chanting.
The magic dart hits you.
You closely miss the acid dragon.
The acid dragon is lightly wounded.
The acid dragon spits acid at you. The splash of acid hits you!!
* * * LOW HITPOINT WARNING * * *
The acid corrodes you! The orc wizard closely misses you.
The orc wizard hits you but does no damage.
The acid dragon bites you but does no damage.
The acid dragon closely misses you.
You hear a shout!
You hit the acid dragon but do no damage.
The acid dragon is lightly wounded.
The acid dragon bites you!
* * * LOW HITPOINT WARNING * * *
You block the acid dragon's attack. You block the orc wizard's attack.
You hit the acid dragon.
The acid dragon is moderately wounded.
The acid dragon barely misses you.
The acid dragon claws you but does no damage.
The orc wizard barely misses you.
You hit the acid dragon but do no damage.
The acid dragon is moderately wounded.
The acid dragon bites you.
You die...

# ###### '....#
###.## # . # #.#
########.# .. # #.#
#.....@#.#.o. # #.#
#.$...oDo.# # #.#
#.....o...# #.#
#####....)....#
#.###...#.........#
#............##.[....
#####......### ######
#......# .........#


You could see an acid dragon (catching breath), an orc wizard (invisible) and 2
orcs.

Vanquished Creatures
  An ogre (D:4)
  A phantom (D:3)
  A centaur (D:4)
  2 orc priests
  An iguana (D:3)
  6 adders
  3 gnolls (D:4)
  A dart slug (D:1)
  8 orcs
  2 ball pythons
  8 endoplasms
  6 giant cockroaches
  5 goblins
  4 hobgoblins (D:1)
  2 jackals (D:1)
  8 kobolds
  2 quokkas (D:4)
  5 bats
  2 frilled lizards
  6 rats
74 creatures vanquished.

Vanquished Creatures (others)
  2 plants (D:3)
2 creatures vanquished.

Grand Total: 76 creatures vanquished

Notes
Turn   | Place    | Note
-------+----------+-------------------------------------------
     0 | D:1      | timneilson the Gargoyle Fighter began the quest for the
                  | Orb.
     0 | D:1      | Reached XP level 1. HP: 14/14 MP: 1/1
    85 | D:1      | Found Kucvio's Antique Armour Shoppe.
   122 | D:1      | Found a faded altar of an unknown god.
   233 | D:1      | Reached XP level 2. HP: 18/19 MP: 2/2
   582 | D:1      | Reached XP level 3. HP: 23/23 MP: 3/3
  1279 | D:2      | Reached XP level 4. HP: 28/28 MP: 4/4
  1695 | D:3      | Found a transporter.
  2128 | D:3      | HP: 1/28 [orc/+0 short sword (2)]
  2133 | D:3      | Reached XP level 5. HP: 2/33 MP: 5/5
  2434 | D:3      | Found a transporter.
  2669 | D:3      | Reached skill level 1 in Dodging
  2872 | D:1      | Bought a runed helmet for 165 gold pieces
  2953 | D:4      | Noticed a phantom
  2966 | D:3      | Killed a phantom
  2994 | D:4      | Noticed a centaur
  3015 | D:3      | Reached XP level 6. HP: 27/38 MP: 6/6
  3092 | D:4      | Found a shadowy altar of Dithmenos.
  3685 | D:4      | Reached skill level 5 in Armour
  3685 | D:4      | Reached skill level 5 in Shields
  3685 | D:4      | Reached XP level 7. HP: 12/43 MP: 7/7
  3857 | D:5      | Entered Level 5 of the Dungeon
  4231 | D:5      | HP: 2/43 [acid dragon (7)]
  4233 | D:5      | Slain by an acid dragon

Illustrated notes

Levels and vault maps discovered:
D:1:      dpeg_arrival_radiant, layout_loops_corners, basic_ecumenical_altar,
          serial_shops, shop
D:2:      layout_basic
D:3:      gammafunk_steamed_eel, layout_basic, chequers_serial_rivers_small_b,
          serial_bayou_lagoon_b
D:4:      layout_basic, grunt_dithmenos_smoke_and_mirrors
D:5:      layout_basic, xom_butterflies, minmay_temple_entry_large_hall

Skill      XL: |  1  2  3  4  5  6 |
---------------+-------------------+-----
Long Blades    | 2 3 |  3.8
Armour         | 4 5 |  5.1
Shields        | 4 5 |  5.0
Dodging        | 1 |  1.6
Fighting       | 4 |  4.2

Action                     |  1- 3 |  4- 6 |  7- 9 || total
---------------------------+-------+-------+-------++-------
  Melee: Long sword        |   121 |   150 |    21 ||   292
    Use: Scroll            |     1 |     5 |     1 ||     7
         Potion            |       |     5 |       ||     5
 Armour: Scale mail        |    66 |    61 |       ||   127
         Skin              |       |     3 |       ||     3
         Chain mail        |       |     1 |     8 ||     9
  Dodge: Dodged            |    55 |    58 |    10 ||   123
  Block: Buckler           |    54 |    67 |    13 ||   134
         Reflection        |     3 |     5 |     1 ||     9

Table legend: (Time is in decaauts)
 A = Elapsed time spent in this place.
 B = Non-inter-level travel time spent in this place.
 C = Inter-level travel time spent in this place.
 D = Time resting spent in this place.
 E = Time spent auto-exploring this place.
 F = Levels seen in this place.
 G = Mean time per level.
                   A        B        C        D        E       F      G
               +--------+--------+--------+--------+--------+-----+--------+
         Total |   4317 |   4013 |    304 |    163 |   2965 |   5 |  863.4 |
       Dungeon |   4317 |   4013 |    304 |    163 |   2965 |   5 |  863.4 |
               +--------+--------+--------+--------+--------+-----+--------+

Top non-repeatable levels by time:
     D:3: 1296 daAuts
     D:1: 1025 daAuts
     D:4: 899 daAuts
     D:2: 784 daAuts
     D:5: 312 daAuts
